 Dungeon Crawl Stone Soup version 0.27.1-2-g3b301248ec (webtiles) character file.

Game seed: 6425031400441257148

1143 styxcanada the Covert (level 8, -4/39 HPs)
             Began as a Spriggan Brigand on Sept 24, 2021.
             Slain by a sky beast (5 damage)
             ... on level 5 of the Dungeon.
             The game lasted 00:24:32 (6889 turns).

styxcanada the Covert (Spriggan Brigand)            Turns: 6889, Time: 00:24:35

Health: -4/39      AC:  0    Str:  7    XL:     8   Next: 15%
Magic:  5/13       EV: 19    Int: 13    God:
Gold:   262        SH:  0    Dex: 18    Spells: 10/13 levels left

rFire    . . .     SeeInvis +   a - +3 dagger (spect)
rCold    . . .     Faith    .   (shield restricted)
rNeg     . . .     Spirit   .   b - +0 robe
rPois    .         Reflect  .   (helmet restricted)
rElec    .         Harm     .   p - +1 cloak {Will+}
rCorr    .         Rampage  .   (gloves unavailable)
Will     +++..                  (boots unavailable)
Stlth    +++++.....             k - amulet of the acrobat
HPRegen  0.13/turn              l - ring of willpower
MPRegen  0.13/turn              (no ring)

@: corroded, very quick
A: very small, no large weapons, unfitting armour, see invisible, speed 3
a: no special abilities


You were on level 5 of the Dungeon.
You visited 1 branch of the dungeon, and saw 5 of its levels.
You also visited: Sewer.

You collected 262 gold pieces.

Inventory:

Hand Weapons
 a - a +3 spectral dagger (weapon)
 c - a +2 dagger of speed
 o - a +2 quarterstaff of chaos
Missiles
 d - a poisoned dart (quivered)
 e - a curare-tipped dart
 f - 11 sling bullets
 i - 143 stones
 t - 7 atropa-tipped darts
Armour
 b - a +0 robe (worn)
 p - a +1 cloak of willpower (worn)
Jewellery
 k - an amulet of the acrobat (around neck)
 l - a ring of willpower (left hand)
 r - a +6 ring of strength
Wands
 h - a wand of acid (15)
Scrolls
 m - a scroll of brand weapon
Potions
 g - a potion of flight
 j - a potion of curing
 n - a potion of cancellation {unknown}
 q - a potion of might {unknown}
 s - a potion of degeneration {unknown}
 u - a potion of mutation {unknown}


   Skills:
 * Level 2.8 Fighting
 + Level 3.9 Short Blades
 + Level 2.6 Throwing
 * Level 4.4 Dodging
 * Level 10.3 Stealth
 * Level 3.2 Spellcasting
 * Level 3.1 Hexes
 * Level 1.6 Ice Magic
 * Level 3.2 Evocations


You had 10 spell levels left.
You knew the following spells:

 Your Spells              Type           Power      Damage    Failure   Level
a - Corona                Hex            11%        N/A       6%          1
b - Ensorcelled Hibernat  Hex/Ice        16%        N/A       13%         2

Your spell library contained the following spells:

 Spells                   Type           Power      Damage    Failure   Level
 Tukima's Dance           Hex            10%        N/A       19%         3
 Animate Skeleton         Necr           4%         N/A       22%         1
 Apportation              Tloc           4%         N/A       22%         1
 Summon Small Mammal      Summ           8%         N/A       22%         1


Dungeon Overview and Level Annotations

Branches:
Dungeon (5/15)              Sewer (visited)
 Temple: D:4-7

Altars:
Cheibriados
Hepliaklqana

Shops:
D:3 *   D:5 (


Innate Abilities, Weirdness & Mutations

You are very small and have problems with some larger weapons.
You are too small for most types of armour.
You have supernaturally acute eyesight. (SInv)
You cover ground extremely quickly. (Speed+++)


Message History

Casting: Ensorcelled Hibernation (safe; 14% risk of failure)
Confirm with . or Enter, or press ? or * to list all spells.
Aiming: Ensorcelled Hibernation (safe; 14% risk of failure)
Press: ? - help, Shift-Dir - straight line, f - yak
Aim: a yak (chance to affect: 38%)
The yak resists with some effort.
Casting: Ensorcelled Hibernation (safe; 14% risk of failure)
Confirm with . or Enter, or press ? or * to list all spells.
Aiming: Ensorcelled Hibernation (safe; 14% risk of failure)
Press: ? - help, Shift-Dir - straight line, f/p - yak
Aim: a yak (chance to affect: 38%)
The yak looks drowsy...
A scorpion comes into view.
The helpless yak fails to defend itself.
You skewer the yak like a kebab!!!
You kill the yak!
Your Spellcasting skill increases to level 3!
Your Hexes skill increases to level 3!
You have reached level 8!
Casting: Ensorcelled Hibernation (safe; 13% risk of failure)
Confirm with . or Enter, or press ? or * to list all spells.
Aiming: Ensorcelled Hibernation (safe; 13% risk of failure)
Press: ? - help, Shift-Dir - straight line, f - sky beast
Aim: a sky beast (chance to affect: 39%)
The sky beast resists with some effort.
The acid dragon roars!
The sky beast closely misses you.
You hit the sky beast.
The sky beast is lightly wounded.
Your +3 spectral dagger closely misses the sky beast.
The acid dragon barely misses you. The acid dragon closely misses you.
The sky beast hits you but does no damage.
You completely miss the sky beast.
The sky beast is lightly wounded.
Your +3 spectral dagger misses the sky beast.
The acid dragon spits acid at you. The splash of acid hits you.
The acid corrodes you!
You are splashed with acid!
* * * LOW HITPOINT WARNING * * *
The sky beast hits you.
You die...

.#. .. #> .#### #.#####
....###### #.....### .
#......# #....)(.#######
. #......#
#.###s#.......# .
#......# #. ##Y#.####..#
###(.....####.
#@(#.(...D.#
##.........##.
#D##.#(.##.#
....##.###.##.##.##.##.#
##.###.# #.##.......# .#
##.###.# #.#####<#### #
.......# #.# #.#
##.##### #.# #.#
##.#######.# #.#
...........#####.####..#


You could see an acid dragon (catching breath), a sky beast, a scorpion and a
friendly +3 spectral dagger (summoned).

Vanquished Creatures
  A yak (D:5)
  An orc warrior (D:4)
  An ice beast (D:4)
  An ogre (D:5)
  2 bullfrogs
  Crazy Yiuf (D:3)
  2 hounds
  4 orc priests
  A centaur skeleton (D:5)
  An orc wizard (D:5)
  An iguana (D:5)
  A hound skeleton (D:4)
  A river rat (D:4)
  9 adders
  2 ufetubi
  3 worms
  5 dart slugs
  8 orcs
  16 ball pythons
  11 bats
  19 endoplasms
  17 giant cockroaches
  10 goblins
  7 hobgoblins
  3 jackals
  6 kobolds
  13 quokkas
  19 frilled lizards
  8 rats
174 creatures vanquished.

Notes
Turn   | Place    | Note
-------+----------+-------------------------------------------
     0 | D:1      | styxcanada the Spriggan Brigand began the quest for the
                  | Orb.
     0 | D:1      | Reached XP level 1. HP: 10/10 MP: 2/2
    30 | D:1      | Reached skill level 6 in Stealth
   137 | D:1      | Reached XP level 2. HP: 15/15 MP: 3/3
   373 | D:1      | Found a faded altar of an unknown god.
   819 | D:1      | Reached XP level 3. HP: 18/18 MP: 4/4
   833 | D:1      | Reached skill level 7 in Stealth
  1592 | D:2      | Reached XP level 4. HP: 13/23 MP: 5/5
  1992 | D:2      | Learned a level 1 spell: Corona
  3341 | D:3      | Found Odocear's General Store.
  3391 | D:3      | Reached skill level 8 in Stealth
  3638 | D:3      | Found a hazy altar of Hepliaklqana.
  3692 | D:3      | Found a snail-covered altar of Cheibriados.
  3921 | D:3      | Found a runed translucent door.
  3922 | D:3      | Noticed Crazy Yiuf
  3929 | D:3      | Killed Crazy Yiuf
  3930 | D:3      | Reached XP level 5. HP: 26/26 MP: 6/6
  4393 | D:4      | Reached skill level 1 in Hexes
  4507 | D:4      | Found a glowing drain.
  4511 | Sewer    | Entered a sewer
  4728 | Sewer    | Reached skill level 1 in Evocations
  4869 | Sewer    | Reached skill level 1 in Spellcasting
  4878 | Sewer    | Reached XP level 6. HP: 29/30 MP: 8/8
  4912 | Sewer    | Reached skill level 9 in Stealth
  5126 | D:4      | Learned a level 2 spell: Ensorcelled Hibernation
  5518 | D:4      | Noticed an orc warrior
  5576 | D:4      | Killed an orc warrior
  5577 | D:4      | Reached XP level 7. HP: 13/35 MP: 10/10
  6464 | D:5      | Entered Level 5 of the Dungeon
  6525 | D:5      | Reached skill level 1 in Ice Magic
  6703 | D:5      | Reached skill level 10 in Stealth
  6770 | D:5      | Found Ycyil's Weapon Emporium.
  6878 | D:5      | Noticed a yak
  6886 | D:5      | Killed a yak
  6887 | D:5      | Reached XP level 8. HP: 20/39 MP: 7/13
  6889 | D:5      | HP: 1/39 [acid (15)]
  6889 | D:5      | Slain by a sky beast

Illustrated notes

Levels and vault maps discovered:
D:1:      psy_arrival_conway, layout_rooms, hellmonk_ecumenical_altar_run_dry
D:2:      wad_river_or_something, layout_basic
D:3:      layout_loops_ring, marbit_many_paths,
          mainiacjoe_overflow_cross_hatched, serial_shops, shop,
          uniq_crazy_yiuf_cottage
D:4:      layout_loops_cross, gup_sewer_entry_bowl, minmay_misc_feat_doors
D:5:      layout_loops_cross, kennysheep_mini_moat,
          nicolae_overflow_quartered_altars,
          minmay_temple_entry_drinking_statues, serial_shops,
          nicolae_lakefront_shop, minmay_manual_monolith

Skill      XL: |  1  2  3  4  5  6  7 |
---------------+----------------------+-----
Stealth        | 6 7 8 9 10 | 10.3
Dodging        | 2 3 4 |  4.4
Fighting       | 2 |  2.8
Short Blades   | 3 |  3.9
Hexes          | 1 2 3 |  3.1
Evocations     | 1 2 3 |  3.2
Spellcasting   | 1 3 |  3.2
Ice Magic      | 1 |  1.6
Throwing       | |  2.6

Action                   |  1- 3 |  4- 6 |  7- 9 || total
-------------------------+-------+-------+-------++-------
Melee: Dagger            |    93 |   230 |    66 ||   389
Throw: Dart              |     3 |    23 |    12 ||    38
 Cast: Corona            |       |     5 |     1 ||     6
       Ensorcelled Hiber |       |       |    14 ||    14
Evoke: Wand              |       |       |     2 ||     2
  Use: Scroll            |     5 |     5 |     1 ||    11
 Stab: Sleeping          |    18 |    17 |    10 ||    45
       Distracted        |       |     1 |     1 ||     2
Armor: Robe              |    16 |    24 |     7 ||    47
Dodge: Dodged            |    55 |   139 |    39 ||   233
